 Dungeon Crawl Stone Soup version 0.31-a0-236-g9a0961fb85 (webtiles) character file.

Game seed: 16359562305178133906

619 qw the Shooter (level 7, -3/59 HPs)
             Began as a Minotaur Hexslinger on July 10, 2023.
             Was an Initiate of Okawaru.
             Shot with an arrow by a centaur (10 damage)
             ... on level 5 of the Dungeon.
             The game lasted 00:01:36 (3701 turns).

qw the Shooter (Minotaur Hexslinger)                Turns: 3701, Time: 00:01:37

Health: -3/59      AC: 13    Str: 12    XL:     7   Next: 21%
Magic:  6/7        EV: 12    Int: 10    God:    Okawaru [......]
Gold:   244        SH:  0    Dex: 15    Spells: 7/8 levels left

rFire   . . .        Y - +3 sling
rCold   + . .        (no shield)
rNeg    . . .        i - +5 leather armour "Noehuwio" {rPois}
rPois   +            (helmet restricted)
rElec   .            e - +0 cloak
rCorr   .            (no gloves)
SInv    .            (no boots)
Will    .....        (no amulet)
Stlth   +            l - +4 ring of protection
HPRegen 0.29/turn    c - ring of protection from cold
MPRegen 0.10/turn

%: no passive effects
@: about to teleport
A: horns 2, retaliatory headbutt
a: Renounce Religion


You were on level 5 of the Dungeon.
You worshipped Okawaru.
Okawaru was noncommittal.
You visited 2 branches of the dungeon, and saw 6 of its levels.

You collected 244 gold pieces.


Innate Abilities, Weirdness & Mutations

You have a pair of horns on your head.
You reflexively headbutt those who attack you in melee.


   Skills:
 - Level 4.0 Fighting
 + Level 7.9 Ranged Weapons
 - Level 1.0 Armour
 - Level 2.1 Dodging
 - Level 1.0 Spellcasting
 - Level 2.0 Hexes
 - Level 0.2 Invocations


You had 7 spell levels left.
You knew the following spells:

 Your Spells              Type           Power      Damage    Failure   Level
a - Slow                  Hex            16%        N/A       19%         1

Your spell library contained the following spells:

 Spells                   Type           Power      Damage    Failure   Level
 Inner Flame              Hex/Fire       2%         N/A       65%         3
 Portal Projectile        Hex/Tloc       4%         N/A       65%         3
 Cause Fear               Hex            2%         N/A       88%         4

Inventory:

Hand Weapons
 Y - a +3 sling (weapon)
Armour
 e - a +0 cloak (worn)
 i - the +5 leather armour "Noehuwio" (worn) {rPois}
   (You took it off a goblin on level 4 of the Dungeon)

   rPois:     It protects you from poison.
Jewellery
 a - a ring of resist corrosion
 c - a ring of protection from cold (right hand)
 l - a +4 ring of protection (left hand)
Scrolls
 f - a scroll of teleportation
 k - a scroll of identify
Potions
 d - 3 potions of might
 h - 2 potions of curing {unknown}
 j - a potion of brilliance {unknown}
 m - a potion of enlightenment {unknown}

Dungeon Overview and Level Annotations

Branches:
Dungeon (5/15)             Temple (1/1) D:4

Altars:
Ashenzari
Cheibriados
Dithmenos
Elyvilon
Fedhas
Gozag
Hepliaklqana
Kikubaaqudgha
Makhleb
Nemelex Xobeh
Okawaru
Qazlal
Ru
Sif Muna
Trog
Uskayaw
Vehumet
Wu Jian
Xom
Yredelemnul
Zin
The Shining One


Message History

You shoot a sling bullet.
The sling bullet hits the two-headed ogre.
The two-headed ogre is heavily wounded.
The two-headed ogre barely misses you.
The two-headed ogre hits you with a +0 dire flail.
You shoot a sling bullet.
The sling bullet hits the two-headed ogre.
The two-headed ogre is heavily wounded.
The two-headed ogre hits you with a +0 giant club.
The two-headed ogre hits you but does no damage.
3697 ||| READING 3 scrolls of teleportation.
As you read the scroll of teleportation, it crumbles to dust.
You feel strangely unstable.
You shoot a sling bullet.
The sling bullet hits the two-headed ogre but does no damage.
The two-headed ogre is heavily wounded.
The two-headed ogre barely misses you. You furiously retaliate!
You headbutt the two-headed ogre, but do no damage.
The two-headed ogre hits you with a +0 dire flail!
You shoot a sling bullet.
The sling bullet hits the two-headed ogre.
The two-headed ogre is heavily wounded.
Your surroundings suddenly seem different.
A centaur, an ogre, a sleepcap and an adder come into view.
Found four items.
Found a stone staircase leading down.
Enter note:
Enter note:
Enter note:
Enter note:
3700 ||| READING 2 scrolls of teleportation.
As you read the scroll of teleportation, it crumbles to dust.
You feel strangely unstable.
The ogre shouts!
The centaur wields a +0 shortbow.
The centaur shoots an arrow.
The arrow hits you but does no damage.
You shoot a sling bullet. The sling bullet hits the sleepcap.
The sleepcap is moderately damaged.
The adder hisses angrily.
The centaur shoots an arrow.
The arrow hits you!
You die...

###. .# ##...
# #S# #....
.### ##..#
#....
...#####...#
#....
##....#....#
#....
#..?.?>....##
#....
#...........
##...
#...@.......
#...
##..........
####
#..........?
#.##..###.##
.c. ...f #.#
.#. #O..# #.#
. . ...#.
#..#########
$. ..#...
#..........
##O.....####


You could see an ogre, a sleepcap, a centaur and an adder.

Vanquished Creatures
  Sigmund (D:2)
  A scorpion (D:5)
  2 hounds
  A jelly (D:4)
  An iguana (D:5)
  An orc wizard (D:4)
  Robin (D:3)
  8 gnolls
  4 adders
  2 white imps (D:5)
  An ufetubus (D:4)
  2 worms
  A dart slug (D:5)
  6 orcs
  3 endoplasms
  2 giant cockroaches
  8 hobgoblins
  8 quokkas
  14 ball pythons
  7 bats
  2 frilled lizards (D:1)
  16 goblins
  3 kobolds
  4 rats
99 creatures vanquished.

Notes
Turn   | Place    | Note
-------+----------+-------------------------------------------
     0 | D:1      | qw the Minotaur Hexslinger began the quest for the Orb.
     0 | D:1      | Reached XP level 1. HP: 16/16 MP: 1/1
     0 | D:1      | 0 ||| qw: Version: 0.3-a-52-g30416fa
     0 | D:1      | 0 ||| qw: Game counter: 4715
     0 | D:1      | 0 ||| qw: Melee chars always use a shield: true
     0 | D:1      | 0 ||| qw: God list: Okawaru
     0 | D:1      | 0 ||| qw: Allow faded altars: false
     0 | D:1      | 0 ||| qw: Do Orc after clearing Dungeon:15 true
     0 | D:1      | 0 ||| qw: Do second Lair branch before Depths: true
     0 | D:1      | 0 ||| qw: Lair rune preference: random
     0 | D:1      | 0 ||| qw: Goals: Normal
     0 | D:1      | 0 ||| PLANNING D:1-11
   308 | D:1      | Reached skill level 3 in Ranged Weapons
   321 | D:1      | Reached XP level 2. HP: 23/23 MP: 2/2
   336 | D:1      | HP: 6/24 [bat (1)]
   623 | D:1      | 623 ||| UPGRADING to +0 cloak.
   628 | D:1      | 628 ||| UPGRADING to +0 leather armour.
   638 | D:1      | 638 ||| DROPPING +0 robe.
   639 | D:1      | 639 ||| UPGRADING to ring of protection from cold.
   640 | D:1      | 640 ||| READING scroll labelled QUONISELEE.
   641 | D:1      | 641 ||| READING 2 scrolls labelled PULUDO UCHUA.
   645 | D:1      | 645 ||| READING scroll labelled DYQOIW VYIRONK.
   646 | D:1      | 646 ||| DROPPING scroll of poison.
   676 | D:2      | Reached XP level 3. HP: 28/29 MP: 3/3
   677 | D:2      | Noticed Sigmund
   686 | D:2      | 686 ||| STAIRDANCE
   775 | D:2      | 775 ||| STAIRDANCE
   789 | D:2      | 789 ||| STAIRDANCE
   847 | D:2      | 847 ||| STAIRDANCE
   887 | D:2      | 887 ||| STAIRDANCE
   889 | D:2      | 889 ||| STAIRDANCE
   894 | D:2      | 894 ||| STAIRDANCE
   904 | D:2      | 904 ||| STAIRDANCE
   927 | D:2      | Killed Sigmund
   928 | D:2      | Reached skill level 6 in Ranged Weapons
   928 | D:2      | Reached XP level 4. HP: 36/36 MP: 4/4
   928 | D:2      | Reached XP level 5. HP: 41/41 MP: 5/5
  1284 | D:2      | Reached skill level 3 in Fighting
  1385 | D:2      | 1385 ||| UPGRADING to +0 ring mail.
  1395 | D:2      | 1395 ||| DROPPING +0 leather armour.
  1396 | D:2      | 1396 ||| READING scroll labelled LIPNUMMEIMN.
  1397 | D:2      | 1397 ||| DRINKING 2 metallic ruby potions.
  1398 | D:2      | 1398 ||| DRINKING 3 glowing sapphire potions.
  1399 | D:2      | 1399 ||| DROPPING potion of magic.
  1606 | D:3      | Reached skill level 1 in Armour
  1731 | D:3      | Reached XP level 6. HP: 51/51 MP: 6/6
  1748 | D:3      | Noticed Robin
  1758 | D:3      | Killed Robin
  1832 | D:3      | Found a hide-covered altar of Uskayaw.
  1885 | D:3      | 1885 ||| READING scroll of enchant weapon.
  1885 | D:3      | 1885 ||| ENCHANTING +2 sling.
  2310 | D:3      | 2310 ||| UPGRADING to ring of resist corrosion.
  2311 | D:3      | 2311 ||| UPGRADING to +4 ring of protection.
  2313 | D:3      | 2313 ||| UPGRADING to ring of protection from cold.
  2315 | D:3      | 2315 ||| READING 2 scrolls labelled RUUT EQ OPONN.
  2316 | D:3      | 2316 ||| READING scroll labelled UKOAZX LUIJO.
  2317 | D:3      | 2317 ||| DRINKING 2 coppery potions.
  2339 | D:3      | 2339 ||| DROPPING scroll of revelation.
  2340 | D:3      | 2340 ||| DROPPING potion of lignification.
  2358 | D:4      | Found a staircase to the Ecumenical Temple.
  2359 | D:4      | 2359 ||| PLANNING TEMPLE
  2367 | Temple   | Entered the Ecumenical Temple
  2386 | Temple   | 2386 ||| PLANNING OKAWARU WORSHIP
  2545 | Temple   | Became a worshipper of Warmaster Okawaru
  2546 | Temple   | 2546 ||| PLANNING D:1-11
  2606 | D:4      | 2606 ||| FLEEEEING.
  2714 | D:4      | 2714 ||| FLEEEEING.
  2717 | D:4      | 2717 ||| STAIRDANCE
  2952 | D:4      | Identified the +5 leather armour "Noehuwio" {rPois}
  3022 | D:4      | Reached skill level 7 in Ranged Weapons
  3521 | D:4      | 3521 ||| UPGRADING to +5 leather armour "Noehuwio" {rPois}.
  3531 | D:4      | 3531 ||| DROPPING +0 ring mail.
  3532 | D:4      | 3532 ||| READING scroll labelled ZOUWNO MUAGIMY.
  3540 | D:5      | Entered Level 5 of the Dungeon
  3594 | D:5      | Reached * piety under Okawaru
  3595 | D:5      | Reached XP level 7. HP: 58/59 MP: 7/7
  3680 | D:5      | Noticed a two-headed ogre
  3681 | D:5      | 3681 ||| INVOKING Heroism.
  3696 | D:5      | HP: 14/59 [two-headed ogre/+0 giant club (4)]
  3697 | D:5      | 3697 ||| READING 3 scrolls of teleportation.
  3698 | D:5      | HP: 6/59 [two-headed ogre/+0 giant club (8)]
  3700 | D:5      | 3700 ||| READING 2 scrolls of teleportation.
  3701 | D:5      | Shot with an arrow by a centaur

Levels and vault maps discovered:
D:1:      psy_arrival_heroes, layout_basic
D:2:      cheibrodos_helix_gallery, layout_basic, uniq_sigmund
D:3:      minmay_angry_zag, layout_basic, general_overflow_altar, uniq_robin
D:4:      layout_basic, minmay_temple_entry_sparse_star,
          dreamdust_mushroom_princess
D:5:      cheibrodos_fzero, layout_cave_pods
Temple:   nicolae_temple_bog_church

Skill      XL: |  1  2  3  4  5  6 |
---------------+-------------------+-----
Ranged Weapons | 3 6 7 |  7.9
Fighting       | 2 3 4 |  4.0
Armour         | 1 |  1.0
Dodging        | |  2.1
Spellcasting   | |  1.0
Hexes          | |  2.0
Invocations    | |  0.2

Action                     |  1- 3 |  4- 6 |  7- 9 || total
---------------------------+-------+-------+-------++-------
   Fire: Sling             |    76 |   235 |    25 ||   336
 Invoke: Heroism           |       |       |     1 ||     1
    Use: Scroll            |     3 |     5 |     2 ||    10
         Potion            |       |     3 |       ||     3
 Armour: Robe              |     7 |       |       ||     7
         Leather armour    |     2 |     4 |     3 ||     9
         Ring mail         |       |    43 |       ||    43
  Dodge: Dodged            |    39 |    64 |     6 ||   109

Table legend:
 A = Non-vault XP
 B = Vault XP
 C = Vault XP percentage of total XP
 D = Non-vault monster count
 E = Vault monster count
 F = Vault count percentage of total count
                 A         B        C        D         E       F
            +---------+---------+-------+---------+---------+-------
      Total |     534 |     351 |  39.7 |      79 |      20 |  20.2
            +---------+---------+-------+---------+---------+-------
        D:1 |      49 |       0 |   0.0 |      22 |       0 |   0.0
        D:2 |      42 |     247 |  85.5 |      18 |       3 |  14.3
        D:3 |      78 |      54 |  40.9 |      12 |      15 |  55.6
        D:4 |     257 |       0 |   0.0 |      23 |       0 |   0.0
        D:5 |     108 |      50 |  31.6 |       4 |       2 |  33.3
            +---------+---------+-------+---------+---------+-------
